 Dungeon Crawl Stone Soup version 0.19.1 (webtiles) character file.

226 Pixllover the Skirmisher (level 6, 0/50 (52) HPs)
             Began as a Ghoul Chaos Knight on Nov 30, 2016.
             Slain by a worker ant (3 damage)
             ... on level 4 of the Dungeon.
             The game lasted 00:19:33 (4778 turns).

Pixllover the Skirmisher (Ghoul Chaos Knight)       Turns: 4778, Time: 00:19:33

HP:   0/50 (52)     AC:  5    Str: 18    XL:     6   Next: 1%
MP:   5/5           EV: 11    Int:  7    God:    Xom [.*....]
Gold: 205           SH:  0    Dex:  8    Spells: 0 memorised, 5 levels left

rFire  . . .     SeeInvis .     c - -2 short sword (curse)
rCold  + + .     Gourm    .     j - +0 ring mail
rNeg   + + +     Faith    .     (no shield)
rPois  ∞         Spirit   .     (no helmet)
rElec  .         Reflect  .     (no cloak)
rCorr  .         Harm     .     (no gloves)
MR     .....                    (no boots)
Stlth  ..........               (no amulet)
                                m - ring of loudness (curse)
                                f - ring of protection from cold

@: rotting
A: rotting body, claws 1, carnivore 3, cold resistance 1, negative energy
resistance 3, slow regeneration 1, torment resistance, unbreathing
a: Renounce Religion


You were on level 4 of the Dungeon.
You worshipped Xom.
You were a plaything of Xom.
You were not hungry.

You visited 1 branch of the dungeon, and saw 4 of its levels.

You collected 205 gold pieces.

Inventory:

Hand Weapons
 a - a +1 short sword of chaos
 c - a cursed -2 short sword (weapon)
 o - a +2 morningstar of holy wrath
Armour
 b - a +2 leather armour
 j - a +0 ring mail (worn)
Jewellery
 f - a ring of protection from cold (left claw)
 g - a cursed amulet of inaccuracy {unknown}
 m - a cursed ring of loudness (right claw)
Scrolls
 e - 2 scrolls of fog
 i - a scroll of recharging
 l - a scroll of identify
Potions
 d - a potion of haste {unknown}
 h - 3 potions of resistance
Comestibles
 k - a bread ration
 n - a chunk of flesh


   Skills:
 + Level 4.2 Fighting
 + Level 4.1 Short Blades
 + Level 2.6 Armour
 + Level 2.1 Dodging
 + Level 2.1 Stealth


You had 5 spell levels left.
You didn't know any spells.

Dungeon Overview and Level Annotations

Branches:
Dungeon (4/15)
 Temple: D:4-7

Altars:
Ashenzari
Fedhas
Hepliaklqana
Makhleb
Qazlal
Sif Muna
Trog
Xom


Innate Abilities, Weirdness & Mutations

Your body is rotting away.
You thrive on raw meat.
You are immune to poison.
You have sharp fingernails.
You are carnivorous and can eat meat at any time.
Your flesh is cold resistant. (rC+)
You are immune to negative energy. (rN+++)
You regenerate slowly when monsters are visible.
You are immune to unholy pain and torment.
You can survive without breathing.


Message History

The worker ant bites you. The worker ant closely misses you.
You hit the worker ant.
The worker ant is severely wounded.
The worker ant bites you!
* * * LOW HITPOINT WARNING * * *
There is a stone staircase leading up here.
Found 12 gold pieces.
You hit the worker ant.
The worker ant is severely wounded.
The worker ant bites you but does no damage.
You hit the worker ant but do no damage.
The worker ant is severely wounded.
You are now a plaything of Xom.
The worker ant bites you.
* * * LOW HITPOINT WARNING * * *
The worker ant bites you.
* * * LOW HITPOINT WARNING * * *
The worker ant bites you.
You die... "It's all fun and games until someone loses an eye."

###. #§§
#§# #§#
#<# #.#
#.#
.#######a#
.$.....@.#
##########


You could see a worker ant.

Vanquished Creatures
  Terence (D:3)
  4 gnolls (D:2)
  6 adders
  An ooze (D:3)
  4 worms
  2 dart slugs (D:2)
  2 leopard geckos (D:1)
  5 bats
  3 giant cockroaches
  6 goblins
  11 hobgoblins
  6 jackals (D:2)
  7 kobolds
  A quokka (D:3)
  2 ball pythons
  7 frilled lizards
  6 rats
  2 bushes (D:3)
  A fungus (D:3)
  A plant (D:3)
78 creatures vanquished.

Vanquished Creatures (collateral kills)
  Crazy Yiuf (D:1)
1 creature vanquished.

Grand Total: 79 creatures vanquished

Notes
Turn   | Place    | Note
-------+----------+-------------------------------------------
     0 | D:1      | Pixllover the Ghoul Chaos Knight began the quest for the Orb.
     0 | D:1      | Reached XP level 1. HP: 19/19 MP: 0/0
   114 | D:1      | Reached XP level 2. HP: 18/26 MP: 1/1
   170 | D:1      | Reached skill level 1 in Dodging
   438 | D:1      | XOM: silly message
   906 | D:1      | Reached XP level 3. HP: 32/32 MP: 2/2
  1042 | D:1      | XOM: divination: detect creatures
  1412 | D:2      | XOM: swap monsters
  1415 | D:2      | Reached XP level 4. HP: 39/40 MP: 3/3
  1442 | D:2      | Found a burning altar of Makhleb.
  1445 | D:2      | Found a bloodstained altar of Trog.
  1451 | D:2      | XOM: summons 2 hostile shadow creatures
  1710 | D:2      | Reached skill level 1 in Stealth
  1810 | D:2      | Found a runed door.
  1814 | D:2      | Noticed Crazy Yiuf
  1825 | D:2      | XOM: chaos cloud
  1841 | D:1      | XOM: swap monsters
  1848 | D:1      | XOM: summons 4 friendly demons
  1885 | D:1      | Killed Crazy Yiuf
  1885 | D:1      | Reached XP level 5. HP: 11/46 MP: 4/4
  2315 | D:1      | XOM: harmless Divn miscast
  2518 | D:1      | XOM: god gift: scroll labeled VOYTOI ZAVIUPI {god gift}
  2582 | D:2      | XOM: polymorph bat -> jackal
  2735 | D:2      | Found a shattered altar of Ashenzari.
  2812 | D:2      | XOM: harmless Erth miscast
  3423 | D:3      | XOM: summons 2 hostile demons
  3822 | D:3      | Noticed Terence
  3845 | D:3      | Killed Terence
  3898 | D:3      | Found a shimmering altar of Xom.
  3898 | D:3      | Found a hazy altar of Hepliaklqana.
  3898 | D:3      | Found a deep blue altar of Sif Muna.
  4007 | D:3      | XOM: divination: detect creatures
  4048 | D:3      | XOM: scenery: create altars
  4145 | D:3      | Found a blossoming altar of Fedhas.
  4151 | D:3      | Found a stormy altar of Qazlal.
  4731 | D:3      | Reached XP level 6. HP: 41/50 MP: 5/5
  4766 | D:4      | XOM: smoke on damage
  4778 | D:4      | Slain by a worker ant

Skill      XL: |  1  2  3  4  5 |
---------------+----------------+-----
Short Blades   | 3 4 |  4.1
Dodging        | 1 2 |  2.1
Fighting       | 4 |  4.2
Armour         | 2 |  2.6
Stealth        | 1 2 |  2.1

Action                   |  1- 3 |  4- 6 || total
-------------------------+-------+-------++-------
Melee: Short sword       |   127 |   473 ||   600
  Use: Potion            |     3 |       ||     3
       Scroll            |     4 |     2 ||     6
 Stab: Petrifying        |     1 |     1 ||     2
       Petrified         |     1 |       ||     1
       Paralysed         |       |     3 ||     3
  Eat: Chunk             |     7 |    12 ||    19
       Meat ration       |     1 |       ||     1
Armor: Leather armour    |    61 |    16 ||    77
       Ring mail         |       |    41 ||    41
Dodge: Dodged            |   111 |    85 ||   196
